[Event "Paracin Open 2020"]
[Site "Paracin"]
[Date "2020.07.03"]
[Round "1.3"]
[White "Mendonca, Leon Luke"]
[Black "Ratkovic, Petar"]
[Result "1-0"]
[ECO "A06"]
[WhiteElo "2470"]
[BlackElo "1944"]
[Annotator "ChessBase"]
[PlyCount "49"]
[EventDate "2020.07.03"]
[EventType "swiss"]
[EventCountry "SRB"]
[SourceTitle "playchess.com"]
[Source "ChessBase"]
[SourceQuality "1"]
[TimeControl "5400+30"]

1. Nf3 d5 2. b3 Nf6 3. Bb2 e6 4. g3 Be7 5. Bg2 O-O 6. O-O b6 7. c4 Bb7 8. cxd5 exd5 9. d4 c5 10. Nc3 Nbd7 11. e3 Rc8 12. Qe2 Qc7 13. Rfd1 Rfd8 14. Rac1 Qb8 15. dxc5 bxc5 16. Nh4 Qa8 17. Nf5 Bf8 18. Nxd5 Nxd5 19. Nh6+ Kh8 20. Qg4 Re8 21. Nxf7+ Kg8 22. Nd6 Ne5 23. Bxe5 Rxe5 24. Nxb7 Rc7 25. Rxd5 1-0

[Event "Paracin Open 2020"]
[Site "Paracin"]
[Date "2020.07.03"]
[Round "1.5"]
[White "Ratkovic, Miloje"]
[Black "Mijajlovic, Jovan"]
[Result "1-0"]
[ECO "A50"]
[WhiteElo "2456"]
[BlackElo "1910"]
[Annotator "ChessBase"]
[PlyCount "93"]
[EventDate "2020.07.03"]
[EventType "swiss"]
[EventCountry "SRB"]
[SourceTitle "playchess.com"]
[Source "ChessBase"]
[SourceQuality "1"]
[TimeControl "5400+30"]

1. d4 Nf6 2. c4 b6 3. Nc3 Bb7 4. Nf3 e6 5. a3 Be7 6. d5 exd5 7. cxd5 O-O 8. e4 Re8 9. Bd3 d6 10. O-O Nbd7 11. Nd4 Bf8 12. Nf5 c6 13. dxc6 Bxc6 14. Re1 Nc5 15. Bg5 h6 16. Nd4 Bb7 17. Bh4 g5 18. Bg3 Ncxe4 19. Nxe4 Bxe4 20. Bb5 Re7 21. Qd2 a6 22. Bc4 Rc7 23. Bd3 Bxd3 24. Qxd3 Nh5 25. Nf5 Qf6 26. Ne3 Qg6 27. Qxg6+ fxg6 28. Nd5 Rc2 29. Nxb6 Rd8 30. b4 Nxg3 31. hxg3 d5 32. Rad1 d4 33. Rd3 Bg7 34. Kf1 Kf7 35. Na4 Re8 36. Rf3+ Bf6 37. Rxf6+ Kxf6 38. Rxe8 d3 39. Ke1 Ra2 40. Nc5 Kf7 41. Rd8 Ra1+ 42. Kd2 Ra2+ 43. Kxd3 Rxf2 44. Rd7+ Ke8 45. Rd6 Rxg2 46. Ne4 h5 47. Rxg6 1-0

[Event "Paracin Open 2020"]
[Site "Paracin"]
[Date "2020.07.03"]
[Round "1.6"]
[White "Milic, Slobodan"]
[Black "Stankovic, Milos"]
[Result "0-1"]
[ECO "B51"]
[WhiteElo "1910"]
[BlackElo "2454"]
[Annotator "ChessBase"]
[PlyCount "54"]
[EventDate "2020.07.03"]
[EventType "swiss"]
[EventCountry "SRB"]
[SourceTitle "playchess.com"]
[Source "ChessBase"]
[SourceQuality "1"]
[TimeControl "5400+30"]

1. e4 c5 2. Nf3 d6 3. Bb5+ Nd7 4. c3 Ngf6 5. d3 a6 6. Ba4 e6 7. O-O Be7 8. Re1 O-O 9. Nbd2 b5 10. Bc2 Bb7 11. d4 cxd4 12. cxd4 e5 13. Nf1 Re8 14. Ng3 Rc8 15. Bb3 exd4 16. Ng5 Ne5 17. f4 Nc4 18. Kh1 h6 19. Nf3 d5 20. e5 Ne4 21. Nxe4 dxe4 22. Nxd4 Bb4 23. Rf1 Qb6 24. Nf5 Qg6 25. Nh4 Qe6 26. Qe2 Be7 27. Qf2 Qg4 0-1

[Event "Paracin Open 2020"]
[Site "Paracin"]
[Date "2020.07.03"]
[Round "1.7"]
[White "Ratkovic, Milovan"]
[Black "Slavic, Nikola"]
[Result "1-0"]
[ECO "A45"]
[WhiteElo "2435"]
[BlackElo "1907"]
[Annotator "ChessBase"]
[PlyCount "79"]
[EventDate "2020.07.03"]
[EventType "swiss"]
[EventCountry "SRB"]
[SourceTitle "playchess.com"]
[Source "ChessBase"]
[SourceQuality "1"]
[TimeControl "5400+30"]

1. d4 Nf6 2. Bf4 e6 3. e3 d5 4. Nf3 Be7 5. Bd3 Nbd7 6. Nbd2 Nh5 7. Qe2 Nxf4 8. exf4 g6 9. c3 a5 10. O-O O-O 11. Rfe1 Bf6 12. Nf1 c5 13. Ne3 c4 14. Bc2 b5 15. g4 Bb7 16. g5 Bg7 17. Ng4 Qc7 18. Qe3 Rae8 19. Nfe5 f5 20. Nxd7 Qxd7 21. Ne5 Qc7 22. Qg3 Bxe5 23. Rxe5 Qf7 24. h4 Bc6 25. Kg2 Kg7 26. h5 Rh8 27. Rh1 Qd7 28. Ree1 Qd6 29. Rh4 b4 30. Reh1 Qb8 31. Qh2 h6 32. hxg6 h5 33. Qg3 Kxg6 34. Qf3 Rh7 35. Rxh5 Reh8 36. Rxh7 Rxh7 37. Rxh7 Kxh7 38. Qh5+ Kg7 39. Qh6+ Kg8 40. Qxe6+ 1-0

[Event "Paracin Open 2020"]
[Site "Paracin"]
[Date "2020.07.03"]
[Round "1.8"]
[White "Popovic, Mladen D"]
[Black "Kosic, Dragan"]
[Result "0-1"]
[ECO "C11"]
[WhiteElo "1906"]
[BlackElo "2429"]
[Annotator "ChessBase"]
[PlyCount "56"]
[EventDate "2020.07.03"]
[EventType "swiss"]
[EventCountry "SRB"]
[SourceTitle "playchess.com"]
[Source "ChessBase"]
[SourceQuality "1"]
[TimeControl "5400+30"]

1. e4 e6 2. d4 d5 3. Nc3 Nf6 4. Bg5 dxe4 5. Nxe4 Be7 6. Bxf6 gxf6 7. Nf3 a6 8. Qd2 b5 9. c4 Bb7 10. Nc5 Bxf3 11. gxf3 Nc6 12. O-O-O Qxd4 13. Qxd4 Nxd4 14. Nxa6 Rxa6 15. Rxd4 Rxa2 16. cxb5 Bc5 17. Rd2 Ra1+ 18. Kc2 Ke7 19. Rd1 Rxd1 20. Kxd1 Bxf2 21. Bd3 f5 22. Ke2 Bb6 23. f4 Rg8 24. Kf3 Rd8 25. Rd1 Rd4 26. b3 Bc5 27. Bc2 Rb4 28. Re1 Bd6 0-1

[Event "Paracin Open 2020"]
[Site "Paracin"]
[Date "2020.07.03"]
[Round "1.10"]
[White "Radojkovic, Stefan"]
[Black "Martic, Ivan"]
[Result "0-1"]
[ECO "A05"]
[WhiteElo "1898"]
[BlackElo "2386"]
[Annotator "ChessBase"]
[PlyCount "66"]
[EventDate "2020.07.03"]
[EventType "swiss"]
[EventCountry "SRB"]
[SourceTitle "playchess.com"]
[Source "ChessBase"]
[SourceQuality "1"]
[TimeControl "5400+30"]

1. Nf3 Nf6 2. c4 g6 3. b3 Bg7 4. Bb2 O-O 5. e3 d6 6. d3 e5 7. Nbd2 c5 8. Be2 Nc6 9. a3 Ne8 10. Qc2 f5 11. O-O g5 12. Rfc1 g4 13. Ne1 f4 14. exf4 exf4 15. Bxg7 Nxg7 16. Qd1 h5 17. Nc2 Bf5 18. Ne4 Ne6 19. f3 g3 20. hxg3 fxg3 21. Nxg3 Qg5 22. Ne4 Bxe4 23. dxe4 Nf4 24. Bf1 Qg3 25. Kh1 Qh4+ 26. Kg1 Ne5 27. Ne1 Qg3 28. Kh1 Rf6 29. Ra2 Ng4 30. fxg4 hxg4 31. Bd3 Raf8 32. Nf3 gxf3 33. Qxf3 Rh6+ 0-1

[Event "Paracin Open 2020"]
[Site "Paracin"]
[Date "2020.07.03"]
[Round "1.11"]
[White "Abramovic, Bosko"]
[Black "Djordjevic, Miroslav"]
[Result "1-0"]
[ECO "A11"]
[WhiteElo "2351"]
[BlackElo "1889"]
[Annotator "ChessBase"]
[PlyCount "85"]
[EventDate "2020.07.03"]
[EventType "swiss"]
[EventCountry "SRB"]
[SourceTitle "playchess.com"]
[Source "ChessBase"]
[SourceQuality "1"]
[TimeControl "5400+30"]

1. c4 c6 2. Nc3 d5 3. cxd5 cxd5 4. d4 Nf6 5. Nf3 Nc6 6. Bf4 Qb6 7. Na4 Qa5+ 8. Bd2 Qd8 9. e3 e6 10. Bd3 Bd6 11. O-O O-O 12. Rc1 Qe7 13. Nc3 e5 14. dxe5 Nxe5 15. Nxe5 Bxe5 16. h3 Bd7 17. Qe2 a6 18. Rfd1 Bc6 19. Be1 Rfe8 20. Bc2 Rad8 21. Bb3 d4 22. exd4 Bxd4 23. Qxe7 Rxe7 24. Na4 Rdd7 25. Bc3 Bxc3 26. Rxd7 Nxd7 27. Nxc3 Nf6 28. Nd5 Nxd5 29. Bxd5 Rc7 30. f4 Kf8 31. Bxc6 bxc6 32. Kf2 Ke7 33. Ke3 Kd6 34. Rc4 Rb7 35. b3 Rb5 36. Rd4+ Kc7 37. Kd3 Rc5 38. Re4 Kd7 39. Rc4 Ra5 40. a4 Rd5+ 41. Rd4 a5 42. Rxd5+ cxd5 43. Kc3 1-0

[Event "Paracin Open 2020"]
[Site "Paracin"]
[Date "2020.07.03"]
[Round "1.15"]
[White "Todorovic, Nenad I"]
[Black "Tosic, Dragoljub"]
[Result "1-0"]
[ECO "B08"]
[WhiteElo "2295"]
[BlackElo "1857"]
[Annotator "RC"]
[PlyCount "85"]
[EventDate "2020.07.03"]
[EventType "swiss"]
[EventCountry "SRB"]
[SourceTitle "playchess.com"]
[Source "ChessBase"]
[SourceQuality "1"]
[TimeControl "5400+30"]

1. e4 d6 2. d4 Nf6 3. Nc3 g6 4. Nf3 Bg7 5. h3 O-O 6. Be3 c6 7. a4 Qa5 8. Nd2 e5 9. dxe5 dxe5 10. Nc4 Qc7 11. Qd6 Ne8 12. Qxc7 Nxc7 13. Bc5 Re8 14. Nd6 Rd8 15. Bc4 Ne6 16. Bxe6 fxe6 17. Nxc8 Rxc8 18. O-O-O Na6 19. Be3 Bf8 20. Bg5 Rc7 21. Rd2 h6 22. Be3 b6 23. Rhd1 g5 24. h4 Be7 25. f3 Kf7 26. Rh1 Rd8 27. hxg5 Rxd2 28. g6+ Kg7 29. Bxh6+ Kxg6 30. Bxd2 Bf8 31. Nd1 Nc5 32. b3 Nd7 33. Ne3 Nf6 34. Bc3 Rd7 35. Nc4 Bh6+ 36. Kb1 Rc7 37. Nxe5+ Kh7 38. Bd2 Ng8 39. Bxh6 Rc8 40. Bf8+ Nh6 41. Rxh6+ Kg8 42. Be7 Kg7 43. Rg6+ 1-0

[Event "Paracin Open 2020"]
[Site "Paracin"]
[Date "2020.07.04"]
[Round "3.3"]
[White "Mendonca, Leon Luke"]
[Black "Pastar, Slaven"]
[Result "1-0"]
[ECO "A05"]
[WhiteElo "2470"]
[BlackElo "2323"]
[Annotator "RC"]
[PlyCount "159"]
[EventDate "2020.07.03"]
[EventType "swiss"]
[EventCountry "SRB"]
[SourceTitle "playchess.com"]
[Source "ChessBase"]
[SourceQuality "1"]
[TimeControl "5400+30"]

1. Nf3 Nf6 2. g3 e6 3. Bg2 d5 4. O-O Be7 5. c4 O-O 6. b3 c5 7. Bb2 Nc6 8. cxd5 exd5 9. d4 Re8 10. Nc3 Bg4 11. dxc5 Bxc5 12. Rc1 a6 13. h3 Bh5 14. g4 Bg6 15. g5 Nh5 16. Nxd5 Ba7 17. e3 Rc8 18. h4 Qa5 19. Nd2 Qxa2 20. Nc4 Na5 21. Ra1 Qxb3 22. Nd6 Qxd1 23. Rfxd1 Nc6 24. Nxe8 Rxe8 25. Nc7 Rc8 26. Nxa6 h6 27. gxh6 Ne7 28. Bxb7 Rc2 29. Bxg7 Nxg7 30. hxg7 Nf5 31. Nb4 Rb2 32. Rxa7 Rxb4 33. Rd7 Rxh4 34. Bd5 Nh6 35. Bf3 Rb4 36. Rd4 Rb6 37. Be4 Nf5 38. Rd5 Nxe3 39. Ra8+ Kxg7 40. Rg5 Nc4 41. Bxg6 fxg6 42. Ra7+ Kf6 43. Rc5 Nd6 44. Rca5 Rb1+ 45. Kg2 Nf5 46. R7a6+ Kg5 47. Rc6 Kf4 48. Rc4+ Kg5 49. Ra3 Rb2 50. Rh3 Ra2 51. Rb4 Rc2 52. Ra4 Rb2 53. Rh8 Rc2 54. Rf8 Rb2 55. Ra1 Rc2 56. Rg1 Kf4 57. Rf6 g5 58. Ra1 Ke5 59. Rf8 Nh4+ 60. Kg3 Ng6 61. Ra5+ Ke6 62. Rf3 Nh4 63. Rf8 Ng6 64. Ra6+ Ke7 65. Rf5 Rc3+ 66. Kg4 Nf4 67. Kxg5 Ne6+ 68. Kg4 Rc4+ 69. Kg3 Re4 70. Rh5 Kf6 71. Rh6+ Kf7 72. Rhxe6 Rxe6 73. Rxe6 Kxe6 74. Kg4 Ke5 75. Kg5 Ke6 76. f3 Ke5 77. f4+ Ke6 78. Kg6 Ke7 79. f5 Kf8 80. Kf6 1-0

[Event "Paracin Open 2020"]
[Site "Paracin"]
[Date "2020.07.04"]
[Round "3.4"]
[White "Formento, Paolo"]
[Black "Cabarkapa, Novak"]
[Result "0-1"]
[ECO "E91"]
[WhiteElo "2294"]
[BlackElo "2459"]
[Annotator "ChessBase"]
[PlyCount "102"]
[EventDate "2020.07.03"]
[EventType "swiss"]
[EventCountry "SRB"]
[SourceTitle "playchess.com"]
[Source "ChessBase"]
[SourceQuality "1"]
[TimeControl "5400+30"]

1. d4 Nf6 2. c4 g6 3. Nc3 Bg7 4. e4 d6 5. Nf3 O-O 6. Be2 Na6 7. O-O e5 8. dxe5 dxe5 9. Be3 Ng4 10. Bg5 f6 11. Bd2 Nh6 12. Rb1 Nc5 13. Be3 Ne6 14. h3 Qe7 15. b4 Nf7 16. Nd5 Qd8 17. b5 f5 18. Bc1 fxe4 19. Nd2 Nd6 20. Ba3 Nd4 21. Bxd6 cxd6 22. Nxe4 Bf5 23. f3 Kh8 24. Bd3 Bh6 25. Rb2 Qd7 26. Kh2 Rf7 27. Qe1 Qd8 28. Qb4 Rd7 29. Ndf6 Rg7 30. Ng4 Bg5 31. Rbf2 h5 32. Nxg5 Bxd3 33. Rd1 hxg4 34. Qd2 g3+ 35. Kxg3 Bxc4 36. f4 Qe7 37. Kh2 Rf8 38. Re1 Ne6 39. Nxe6 Qxe6 40. fxe5 Rxf2 41. Qxf2 Rf7 42. Qd4 d5 43. Qxa7 Bxb5 44. Qe3 Kg7 45. Qd4 Bc6 46. Re2 Kg8 47. g4 g5 48. Qc5 Rf4 49. Qb6 Qe7 50. Qb1 Re4 51. Rxe4 dxe4 0-1

[Event "Paracin Open 2020"]
[Site "Paracin"]
[Date "2020.07.04"]
[Round "3.13"]
[White "Sredojevic, Ivan"]
[Black "Micic, Aleksa"]
[Result "1-0"]
[ECO "B51"]
[WhiteElo "2239"]
[BlackElo "2008"]
[Annotator "ChessBase"]
[PlyCount "63"]
[EventDate "2020.07.03"]
[EventType "swiss"]
[EventCountry "SRB"]
[SourceTitle "playchess.com"]
[Source "ChessBase"]
[SourceQuality "1"]
[TimeControl "5400+30"]

1. e4 c5 2. Nf3 d6 3. Bb5+ Nd7 4. d4 cxd4 5. Qxd4 a6 6. Bxd7+ Bxd7 7. Nc3 Nf6 8. Bg5 e5 9. Qd3 Bc6 10. Nd2 Be7 11. Bxf6 Bxf6 12. Nc4 Be7 13. O-O-O O-O 14. Kb1 Qc7 15. Ne3 Rad8 16. Ncd5 Bxd5 17. Nxd5 Qd7 18. h4 Rfe8 19. Qf3 b5 20. g4 Rb8 21. g5 Rec8 22. Qf5 Qd8 23. Rdg1 Rc5 24. h5 Rxd5 25. exd5 Qc8 26. Qf3 Qf8 27. Rh3 Rc8 28. Qf5 Rc4 29. Rf3 g6 30. hxg6 hxg6 31. Qh3 Qc8 32. Qh2 1-0

[Event "Paracin Open 2020"]
[Site "Paracin"]
[Date "2020.07.04"]
[Round "3.15"]
[White "Todorovic, Nenad I"]
[Black "Vojinovic, Anastasija"]
[Result "1-0"]
[ECO "B90"]
[WhiteElo "2295"]
[BlackElo "1568"]
[Annotator "ChessBase"]
[PlyCount "49"]
[EventDate "2020.07.03"]
[EventType "swiss"]
[EventCountry "SRB"]
[SourceTitle "playchess.com"]
[Source "ChessBase"]
[SourceQuality "1"]
[TimeControl "5400+30"]

1. e4 c5 2. Nf3 d6 3. d4 cxd4 4. Nxd4 Nf6 5. Nc3 a6 6. Be3 e5 7. Nb3 Be6 8. f3 Be7 9. Qd2 Nbd7 10. g4 Qc7 11. g5 Nh5 12. O-O-O O-O 13. Kb1 b5 14. Nd5 Bxd5 15. exd5 Rfc8 16. Bh3 Bd8 17. Bg4 Nf4 18. h4 a5 19. Bxf4 exf4 20. Nd4 Rcb8 21. Bxd7 Qxd7 22. Nc6 Rb6 23. Rde1 b4 24. Qxf4 Rb5 25. Qf5 1-0

[Event "Paracin Open 2020"]
[Site "Paracin"]
[Date "2020.07.04"]
[Round "3.16"]
[White "Petrovic, Marija"]
[Black "Ivic, Matija"]
[Result "0-1"]
[ECO "A04"]
[WhiteElo "1968"]
[BlackElo "2225"]
[Annotator "ChessBase"]
[PlyCount "138"]
[EventDate "2020.07.03"]
[EventType "swiss"]
[EventCountry "SRB"]
[SourceTitle "playchess.com"]
[Source "ChessBase"]
[SourceQuality "1"]
[TimeControl "5400+30"]

1. Nf3 c5 2. e3 Nf6 3. d4 g6 4. c3 Qc7 5. Bd3 d5 6. Ne5 Bg7 7. f4 O-O 8. Nd2 Nc6 9. Ndf3 Rb8 10. Qe2 a6 11. a4 c4 12. Bc2 b5 13. axb5 axb5 14. Nxc6 Qxc6 15. Ne5 Qc7 16. O-O Bf5 17. Bxf5 gxf5 18. g4 fxg4 19. Nxg4 Nxg4 20. Qxg4 b4 21. Kh1 f5 22. Qg5 Rb6 23. cxb4 Rxb4 24. Rg1 e6 25. Ra6 Re8 26. Qh5 Re7 27. Qh4 Re8 28. Qh5 Re7 29. Qh4 Re8 30. Qh5 Rbb8 31. Bd2 Qb7 32. Qg5 Kh8 33. Bc3 Ra8 34. Rxa8 Rxa8 35. h4 Qf7 36. h5 Bf6 37. Qh6 Rg8 38. Ra1 Bg7 39. Qg5 Bf6 40. Qh6 Bd8 41. Ra6 Bf6 42. Ra1 Bd8 43. Ra8 Bf6 44. Ra1 Qe7 45. Bb4 Qf7 46. Bd6 Bg7 47. Be5 Bxe5 48. fxe5 Qe7 49. Qf6+ Qxf6 50. exf6 Rf8 51. h6 Kg8 52. Ra7 Rxf6 53. Rg7+ Kh8 54. Re7 Rxh6+ 55. Kg2 Kg8 56. Kg3 Kf8 57. Rb7 Rg6+ 58. Kf4 h5 59. Ke5 Rh6 60. Rb8+ Kf7 61. Rb7+ Ke8 62. Rb8+ Kd7 63. Rb7+ Kc6 64. Rg7 h4 65. Rg2 h3 66. Rh2 Kd7 67. Kf4 Rh4+ 68. Kg3 Re4 69. Kf3 f4 0-1

[Event "Paracin Open 2020"]
[Site "Paracin"]
[Date "2020.07.06"]
[Round "4.4"]
[White "Ernst, Sipke"]
[Black "Van Dael, Siem"]
[Result "1-0"]
[ECO "A45"]
[WhiteElo "2540"]
[BlackElo "2293"]
[Annotator "RC"]
[PlyCount "105"]
[EventDate "2020.07.03"]
[EventType "swiss"]
[EventCountry "SRB"]
[SourceTitle "playchess.com"]
[Source "ChessBase"]
[SourceQuality "1"]
[TimeControl "5400+30"]

1. d4 Nf6 2. g3 g6 3. Bg2 Bg7 4. e4 d6 5. Nc3 O-O 6. Nge2 e5 7. h3 Nc6 8. Be3 exd4 9. Nxd4 Bd7 10. Nde2 Re8 11. O-O Qc8 12. g4 h5 13. g5 Nh7 14. Kh2 Ne5 15. f4 Nc4 16. Bc1 b5 17. a3 Rb8 18. b3 Nb6 19. Be3 a5 20. Bd4 Bf8 21. Nd5 c5 22. Nxb6 Rxb6 23. Bb2 b4 24. axb4 axb4 25. Ng3 h4 26. Nh1 d5 27. e5 d4 28. Nf2 Bb5 29. Nd3 Qf5 30. Ra5 Bc6 31. Qg4 Be4 32. Qxf5 gxf5 33. Nxc5 Bxg2 34. Kxg2 Rc6 35. Nd3 Rxc2+ 36. Rf2 Rxf2+ 37. Kxf2 Rc8 38. Bxd4 Rc2+ 39. Ke1 Rg2 40. Ra7 Rg3 41. Ke2 Bg7 42. Nxb4 Rxb3 43. Nd5 Nf8 44. Ne7+ Kh7 45. Nxf5 Ne6 46. Be3 Bf8 47. Rxf7+ Kg8 48. Rf6 Nc7 49. Rg6+ Kh7 50. Rc6 Nd5 51. g6+ Kg8 52. Rc8 Nxe3 53. g7 1-0

[Event "Paracin Open 2020"]
[Site "Paracin"]
[Date "2020.07.06"]
[Round "4.6"]
[White "Kosic, Dragan"]
[Black "Sredojevic, Ivan"]
[Result "1/2-1/2"]
[ECO "D45"]
[WhiteElo "2429"]
[BlackElo "2239"]
[Annotator "ChessBase"]
[PlyCount "36"]
[EventDate "2020.07.03"]
[EventType "swiss"]
[EventCountry "SRB"]
[SourceTitle "playchess.com"]
[Source "ChessBase"]
[SourceQuality "1"]
[TimeControl "5400+30"]

1. d4 Nf6 2. Nf3 e6 3. c4 d5 4. Nc3 c6 5. e3 Nbd7 6. Qc2 Bd6 7. Bd3 O-O 8. O-O dxc4 9. Bxc4 e5 10. Bb3 Qe7 11. Bd2 e4 12. Ng5 Bxh2+ 13. Kxh2 Ng4+ 14. Kg1 Qxg5 15. Qxe4 Ndf6 16. Qf3 Qh4 17. Qh3 Qg5 18. Qg3 Nh5 1/2-1/2

[Event "Paracin Open 2020"]
[Site "Paracin"]
[Date "2020.07.06"]
[Round "4.7"]
[White "Sahin, Ozgun"]
[Black "Radovanovic, Nikola"]
[Result "1/2-1/2"]
[ECO "C44"]
[WhiteElo "2220"]
[BlackElo "2389"]
[Annotator "ChessBase"]
[PlyCount "32"]
[EventDate "2020.07.03"]
[EventType "swiss"]
[EventCountry "SRB"]
[SourceTitle "playchess.com"]
[Source "ChessBase"]
[SourceQuality "1"]
[TimeControl "5400+30"]

1. e4 e5 2. Nf3 Nc6 3. d4 exd4 4. Nxd4 Nf6 5. Nxc6 bxc6 6. Bd3 d5 7. exd5 cxd5 8. O-O Be7 9. c4 O-O 10. cxd5 Bb7 11. Nc3 Nxd5 12. Bd2 Rb8 13. Re1 Bf6 14. Be4 Nxc3 15. Bxc3 Bxc3 16. bxc3 Bxe4 1/2-1/2

[Event "Paracin Open 2020"]
[Site "Paracin"]
[Date "2020.07.06"]
[Round "4.8"]
[White "Damjanovic, Vuk"]
[Black "Abramovic, Bosko"]
[Result "1/2-1/2"]
[ECO "D00"]
[WhiteElo "2208"]
[BlackElo "2351"]
[Annotator "RC"]
[PlyCount "21"]
[EventDate "2020.07.03"]
[EventType "swiss"]
[EventCountry "SRB"]
[SourceTitle "playchess.com"]
[Source "ChessBase"]
[SourceQuality "1"]
[TimeControl "5400+30"]

1. d4 d5 2. Bf4 e6 3. e3 Bd6 4. Bg3 Qe7 5. c4 Nf6 6. Nc3 O-O 7. Qc2 c5 8. dxc5 Bxc5 9. Nf3 Nc6 10. Be2 a6 11. cxd5 1/2-1/2

[Event "Paracin Open 2020"]
[Site "Paracin"]
[Date "2020.07.06"]
[Round "4.9"]
[White "Radeva, Viktoria"]
[Black "Krasteva, Beloslava"]
[Result "1/2-1/2"]
[ECO "B84"]
[WhiteElo "2327"]
[BlackElo "2246"]
[Annotator "ChessBase"]
[PlyCount "120"]
[EventDate "2020.07.03"]
[EventType "swiss"]
[EventCountry "SRB"]
[SourceTitle "playchess.com"]
[Source "ChessBase"]
[SourceQuality "1"]
[TimeControl "5400+30"]

1. e4 c5 2. Nf3 d6 3. d4 cxd4 4. Nxd4 Nf6 5. Nc3 a6 6. Be2 e6 7. O-O Be7 8. f4 O-O 9. Qe1 b5 10. a3 Bb7 11. Bf3 Qc7 12. Qg3 Nc6 13. Be3 Nxd4 14. Bxd4 Bc6 15. Kh1 Qb7 16. Rae1 Rfd8 17. e5 Ne8 18. Bxc6 Qxc6 19. f5 dxe5 20. Qxe5 Bf6 21. fxe6 fxe6 22. Bc5 h6 23. Qxe6+ Qxe6 24. Rxe6 Bxc3 25. bxc3 Nc7 26. Re5 Rd5 27. Rxd5 Nxd5 28. Bd4 Rc8 29. Rf3 Rc4 30. Rg3 g5 31. h4 Nf4 32. hxg5 Ne2 33. Re3 Nxd4 34. cxd4 hxg5 35. Rg3 Rxc2 36. Rxg5+ Kf7 37. Rf5+ Ke6 38. Rh5 Ra2 39. Rh6+ Kd5 40. Rxa6 Kxd4 41. Ra8 Kc4 42. Kh2 Kb3 43. Ra5 Kc4 44. Kh3 Kc5 45. g4 Kb6 46. Ra8 Kb7 47. Ra5 Kb6 48. Ra8 Kb7 49. Rf8 Rxa3+ 50. Kh4 b4 51. g5 b3 52. Rf4 Kc6 53. Rb4 Kc5 54. Rb8 Kc4 55. g6 Ra7 56. Kh5 Kc3 57. Kh6 b2 58. g7 Rxg7 59. Kxg7 Kc2 60. Rxb2+ Kxb2 1/2-1/2

[Event "Paracin Open 2020"]
[Site "Paracin"]
[Date "2020.07.06"]
[Round "4.10"]
[White "Pastar, Slaven"]
[Black "Pantic, Ivica"]
[Result "1-0"]
[ECO "A46"]
[WhiteElo "2323"]
[BlackElo "2131"]
[Annotator "RC"]
[PlyCount "25"]
[EventDate "2020.07.03"]
[EventType "swiss"]
[EventCountry "SRB"]
[SourceTitle "playchess.com"]
[Source "ChessBase"]
[SourceQuality "1"]
[TimeControl "5400+30"]

1. d4 Nf6 2. Nf3 e6 3. Bf4 Be7 4. h3 O-O 5. e3 b6 6. Bd3 Bb7 7. Nbd2 c5 8. O-O d6 9. c3 Nbd7 10. Re1 Qc7 11. Bh2 Rfd8 12. Qe2 a6 13. a4 1-0

[Event "Paracin Open 2020"]
[Site "Paracin"]
[Date "2020.07.06"]
[Round "4.11"]
[White "Albers, Sasa"]
[Black "Todorovic, Nenad I"]
[Result "1/2-1/2"]
[ECO "B90"]
[WhiteElo "2120"]
[BlackElo "2295"]
[Annotator "ChessBase"]
[PlyCount "121"]
[EventDate "2020.07.03"]
[EventType "swiss"]
[EventCountry "SRB"]
[SourceTitle "playchess.com"]
[Source "ChessBase"]
[SourceQuality "1"]
[TimeControl "5400+30"]

1. e4 c5 2. Nf3 d6 3. d4 cxd4 4. Nxd4 Nf6 5. Nc3 a6 6. Be3 e5 7. Nb3 Be6 8. f3 Be7 9. Qd2 O-O 10. O-O-O Nbd7 11. g4 Nb6 12. Bxb6 Qxb6 13. Kb1 Rfd8 14. Nd5 Nxd5 15. exd5 Bd7 16. Bd3 a5 17. Nc1 Rdc8 18. Ne2 Rc5 19. Ng3 Rac8 20. h4 e4 21. Nxe4 Rxd5 22. g5 a4 23. a3 Ra5 24. Rhg1 Kh8 25. Qf2 Qc7 26. Rge1 d5 27. Ng3 Bc5 28. Qd2 Qb6 29. Ka2 Bf2 30. Re7 Be6 31. Qb4 Qd8 32. Nh1 Bc5 33. Re8+ Qxe8 34. Qxa5 Qc6 35. Kb1 Bd6 36. Nf2 Bc7 37. Qb4 Bd6 38. Qa5 Bd7 39. Ng4 b6 40. Qd2 b5 41. h5 Bxg4 42. fxg4 Be5 43. Qf2 Qc7 44. Re1 g6 45. hxg6 hxg6 46. Bxb5 Rb8 47. Qe2 Bg7 48. c3 Qc5 49. Bxa4 Kg8 50. Bd7 Qxc3 51. Qe8+ Bf8 52. Qxb8 Qxe1+ 53. Ka2 d4 54. Qb3 Qe2 55. Qd5 Bg7 56. Qa8+ Kh7 57. Qh1+ Kg8 58. Qa8+ Kh7 59. Qh1+ Kg8 60. Qa8+ Kh7 61. Qh1+ 1/2-1/2

[Event "Paracin Open 2020"]
[Site "Paracin"]
[Date "2020.07.06"]
[Round "4.13"]
[White "Ivanovic, Marko"]
[Black "Tisma, Ivan"]
[Result "1-0"]
[ECO "A45"]
[WhiteElo "2267"]
[BlackElo "2088"]
[Annotator "ChessBase"]
[PlyCount "71"]
[EventDate "2020.07.03"]
[EventType "swiss"]
[EventCountry "SRB"]
[SourceTitle "playchess.com"]
[Source "ChessBase"]
[SourceQuality "1"]
[TimeControl "5400+30"]

1. d4 Nf6 2. Bf4 d6 3. Nc3 g6 4. e4 Bg7 5. Qd2 h6 6. O-O-O c6 7. f3 Qa5 8. Kb1 Nbd7 9. g4 Kf8 10. h4 h5 11. Nh3 Nb6 12. g5 Ne8 13. Qf2 Be6 14. Bc1 Nc7 15. Bd2 Bc4 16. b3 Bxf1 17. Nd5 Qa3 18. Bb4 Ncxd5 19. Bxa3 Nc3+ 20. Kc1 Nxd1 21. Qxf1 Nc3 22. Qd3 Nb5 23. Bb2 d5 24. exd5 Rd8 25. c4 Nc7 26. dxc6 bxc6 27. Qe4 Ne6 28. Rd1 Rc8 29. f4 c5 30. f5 Nxd4 31. fxg6 f5 32. Qb7 Be5 33. Bxd4 cxd4 34. Qxa7 Rc6 35. Re1 Bd6 36. g7+ 1-0

[Event "Paracin Open 2020"]
[Site "Paracin"]
[Date "2020.07.06"]
[Round "4.14"]
[White "Mitev, Valentin"]
[Black "Srdanovic, Jovana"]
[Result "0-1"]
[ECO "D10"]
[WhiteElo "2240"]
[BlackElo "2070"]
[Annotator "ChessBase"]
[PlyCount "52"]
[EventDate "2020.07.03"]
[EventType "swiss"]
[EventCountry "SRB"]
[SourceTitle "playchess.com"]
[Source "ChessBase"]
[SourceQuality "1"]
[TimeControl "5400+30"]

1. d4 d5 2. c4 c6 3. e3 Nf6 4. Nc3 a6 5. b3 Bf5 6. Nf3 Bc8 7. Ng1 Bf5 8. Nf3 e6 9. Be2 h6 10. Ne5 Nbd7 11. O-O Bb4 12. Bb2 O-O 13. a3 Bd6 14. f4 Ne4 15. c5 Bxe5 16. fxe5 f6 17. Rxf5 Nxc3 18. Bxc3 exf5 19. e6 Qe7 20. exd7 Qxe3+ 21. Kh1 Qxc3 22. Bd3 g6 23. Rc1 Qxd4 24. Qd2 Kg7 25. Qe1 Qe5 26. Qa5 Qb8 0-1

[Event "Paracin Open 2020"]
[Site "Paracin"]
[Date "2020.07.06"]
[Round "4.16"]
[White "Stanojevic, Ilija"]
[Black "Colic, Nikola"]
[Result "1-0"]
[ECO "B07"]
[WhiteElo "2220"]
[BlackElo "1992"]
[Annotator "ChessBase"]
[PlyCount "111"]
[EventDate "2020.07.03"]
[EventType "swiss"]
[EventCountry "SRB"]
[SourceTitle "playchess.com"]
[Source "ChessBase"]
[SourceQuality "1"]
[TimeControl "5400+30"]

1. d4 d6 2. e4 Nf6 3. Nc3 g6 4. h4 h5 5. Nh3 Bg7 6. Ng5 O-O 7. f3 c6 8. Be3 b5 9. Qd2 b4 10. Ne2 Na6 11. O-O-O Qa5 12. Kb1 Rb8 13. Nc1 Nc7 14. Nb3 Qb6 15. Bd3 a5 16. g4 a4 17. Nc1 Nb5 18. Qxb4 a3 19. b3 Qa7 20. Be2 c5 21. Qd2 cxd4 22. Bxd4 Nxd4 23. Qxd4 Qxd4 24. Rxd4 Bd7 25. Rdd1 hxg4 26. fxg4 Nxg4 27. Rdg1 Ne5 28. Nd3 Nc4 29. Nf4 Rfc8 30. Nd5 Rxb3+ 31. Kc1 Bb2+ 32. Kd1 Ne3+ 33. Ke1 Nxd5 34. cxb3 Ne3 35. Kd2 Nc2 36. Bc4 Nd4 37. Bxf7+ Kg7 38. Bc4 Bb5 39. Bxb5 Nxb5 40. Ne6+ Kf7 41. Nf4 Nd4 42. Rf1 Ke8 43. e5 dxe5 44. Nxg6 Rc2+ 45. Kd3 Rc3+ 46. Ke4 Rc2 47. h5 Re2+ 48. Kd5 e6+ 49. Kd6 Nf5+ 50. Kxe6 Ng7+ 51. Kd5 Rd2+ 52. Ke4 Ne6 53. h6 Nc5+ 54. Kf5 e4 55. h7 e3 56. Ne5 1-0